TOP OF THE 1ST |
Gwinnett Braves batting - Pitching for El Paso Chihuahuas : RHP Rogelio Nunez
|
Pitching: RHP Rogelio Nunez
|
|
Batting: LHB Robby Dann
|
0-0: Foul Ball, location: 2F 0-1: Ball 1-1: Ground out U3 (Groundball, 3, EV 80.6 MPH)
|
Batting: LHB Mark Buchholz
|
0-0: Ground out 1-3 (Groundball, 15S, EV 70.6 MPH)
|
Batting: RHB Bill Turnbull
|
0-0: Ball 1-0: Called Strike 1-1: Called Strike 1-2: Ball 2-2: Foul Ball, location: 2F 2-2: Ground out 6-3 (Groundball, 56, EV 80.0 MPH)
|
Top of the 1st over - 0 runs, 0 hits, 0 errors, 0 left on base; Gwinnett 0 - El Paso 0 |
BOTTOM OF THE 1ST |
El Paso Chihuahuas batting - Pitching for Gwinnett Braves : RHP Ryan Casey
|
Pitching: RHP Ryan Casey
|
|
Batting: LHB Angel Mejia
|
0-0: Called Strike 0-1: Ball 1-1: Ground out 6-3 (Groundball, 6S, EV 77.5 MPH)
|
Batting: RHB Andy Sheridan
|
0-0: Foul Ball, location: 2F 0-1: Ground out 4-3 (Groundball, 4, EV 91.2 MPH)
|
Batting: RHB Mike Maserang
|
0-0: Foul Ball, location: 2F 0-1: Ball 1-1: Ball 2-1: SINGLE (Groundball, 56D, EV 102.5 MPH)
|
Batting: RHB Danny Bunn
|
0-0: Ball 1-0: Ball 2-0: Ball 3-0: Called Strike 3-1: Ground out 4-3 (Groundball, 4, EV 102.5 MPH)
|
Bottom of the 1st over - 0 runs, 1 hit, 0 errors, 1 left on base; Gwinnett 0 - El Paso 0 |
TOP OF THE 2ND |
Gwinnett Braves batting - Pitching for El Paso Chihuahuas : RHP Rogelio Nunez
|
Batting: RHB Jose Ramos
|
0-0: Ball 1-0: Ground out 4-3 (Groundball, 4, EV 83.8 MPH)
|
Batting: RHB Hieronim Rutkowski
|
0-0: SOLO HOME RUN (Flyball, 7D, EV 98.1 MPH), Distance : 375 ft
|
Batting: RHB John Peterson
|
0-0: Ball 1-0: Foul Ball, location: 2F 1-1: TRIPLE (Line Drive, 9LD, EV 105.0 MPH)
|
Batting: RHB Jesse Lester
|
0-0: Ball 1-0: Ball 2-0: Ball Passed Ball! John Peterson scores 3-0: Base on Balls
|
Batting: RHB Mike Meeker
|
0-0: Ball 1-0: Ball 2-0: Grounds into double play, 6-4-3 (Groundball, 6S, EV 85.0 MPH)
|
Top of the 2nd over - 2 runs, 2 hits, 0 errors, 0 left on base; Gwinnett 2 - El Paso 0 |
BOTTOM OF THE 2ND |
El Paso Chihuahuas batting - Pitching for Gwinnett Braves : RHP Ryan Casey
|
Batting: RHB Dan Grable
|
0-0: Ball 1-0: Ball 2-0: Fly out, F7 (Line Drive, 7, EV 93.8 MPH)
|
Batting: RHB Bobby Gulsby
|
0-0: Ball 1-0: Called Strike 1-1: Ball 2-1: Ball 3-1: Ground out 5-3 (Groundball, 56S, EV 81.2 MPH)
|
Batting: RHB Matt Fabre
|
0-0: Ball 1-0: Ball 2-0: Ball 3-0: Base on Balls
|
Batting: LHB Rogelio Nunez
|
0-0: Called Strike 0-1: Called Strike 0-2: Fly out, F9 (Flyball, 9S, EV 93.1 MPH)
|
Bottom of the 2nd over - 0 runs, 0 hits, 0 errors, 1 left on base; Gwinnett 2 - El Paso 0 |
TOP OF THE 3RD |
Gwinnett Braves batting - Pitching for El Paso Chihuahuas : RHP Rogelio Nunez
|
Batting: RHB Toki Takeuchi
|
0-0: Foul Ball, location: 2F 0-1: Ball 1-1: Foul Ball, location: 2F 1-2: Ball 2-2: Strikes out looking
|
Batting: LHB Robby Dann
|
0-0: Ground out 3-1 (Groundball, 34, EV 93.1 MPH)
|
Batting: LHB Mark Buchholz
|
0-0: Foul Ball, location: 2F 0-1: Swinging Strike 0-2: Strikes out swinging
|
Top of the 3rd over - 0 runs, 0 hits, 0 errors, 0 left on base; Gwinnett 2 - El Paso 0 |
BOTTOM OF THE 3RD |
El Paso Chihuahuas batting - Pitching for Gwinnett Braves : RHP Ryan Casey
|
Batting: RHB David Aguilar
|
0-0: Fly out, F9 (Line Drive, 9S, EV 98.1 MPH)
|
Batting: LHB Angel Mejia
|
0-0: Ball 1-0: Ball 2-0: Ball 3-0: Called Strike 3-1: Ground out U3 (Groundball, 3S, EV 65.0 MPH)
|
Batting: RHB Andy Sheridan
|
0-0: Ball 1-0: Ball 2-0: SINGLE (Groundball, 56D, EV 100.6 MPH)
|
Batting: RHB Mike Maserang
|
0-0: Called Strike 0-1: Fly out, F9 (Flyball, 89M, EV 86.9 MPH)
|
Bottom of the 3rd over - 0 runs, 1 hit, 0 errors, 1 left on base; Gwinnett 2 - El Paso 0 |
TOP OF THE 4TH |
Gwinnett Braves batting - Pitching for El Paso Chihuahuas : RHP Rogelio Nunez
|
Batting: RHB Bill Turnbull
|
0-0: SINGLE (Groundball, 56D, EV 93.8 MPH)
|
Batting: RHB Jose Ramos
|
0-0: Called Strike 0-1: Foul Ball, location: 2F 0-2: Ball 1-2: Strikes out swinging
|
Batting: RHB Hieronim Rutkowski
|
0-0: Ball 1-0: Called Strike 1-1: Called Strike Bill Turnbull is caught stealing 2nd base 2-4 1-2: Fly out, F2 (Popup, 2L, EV 91.9 MPH)
|
Top of the 4th over - 0 runs, 1 hit, 0 errors, 0 left on base; Gwinnett 2 - El Paso 0 |
BOTTOM OF THE 4TH |
El Paso Chihuahuas batting - Pitching for Gwinnett Braves : RHP Ryan Casey
|
Batting: RHB Danny Bunn
|
0-0: Swinging Strike 0-1: SINGLE (Groundball, 4D, EV 103.8 MPH)
|
Batting: RHB Dan Grable
|
0-0: Ball 1-0: Grounds into double play, 5-4-3 (Groundball, 56D, EV 105.6 MPH)
|
Batting: RHB Bobby Gulsby
|
0-0: Ground out 4-3 (Groundball, 4MS, EV 68.8 MPH)
|
Bottom of the 4th over - 0 runs, 1 hit, 0 errors, 0 left on base; Gwinnett 2 - El Paso 0 |
TOP OF THE 5TH |
Gwinnett Braves batting - Pitching for El Paso Chihuahuas : RHP Rogelio Nunez
|
Batting: RHB John Peterson
|
0-0: Called Strike 0-1: Called Strike 0-2: Ball 1-2: Ball 2-2: Ball 3-2: Strikes out swinging
|
Batting: RHB Jesse Lester
|
0-0: Called Strike 0-1: Ball 1-1: Reached on error, E5 (Groundball, 56, EV 94.4 MPH)
|
Batting: RHB Mike Meeker
|
0-0: Fielders Choice at 2nd, 5-4 (Groundball, 15, EV 86.2 MPH)
|
Batting: RHB Toki Takeuchi
|
0-0: Ball Mike Meeker is caught stealing 2nd base 2-4
|
Top of the 5th over - 0 runs, 0 hits, 1 error, 0 left on base; Gwinnett 2 - El Paso 0 |
BOTTOM OF THE 5TH |
El Paso Chihuahuas batting - Pitching for Gwinnett Braves : RHP Ryan Casey
|
Batting: RHB Matt Fabre
|
0-0: Ball 1-0: Ground out 6-3 (Groundball, 6S, EV 66.2 MPH)
|
Batting: LHB Rogelio Nunez
|
0-0: Ball 1-0: Ball 2-0: Ground out 6-3 (Groundball, 56, EV 106.9 MPH)
|
Batting: RHB David Aguilar
|
0-0: Swinging Strike 0-1: Swinging Strike 0-2: Ball 1-2: Ball 2-2: Foul Ball, location: 2F 2-2: Strikes out swinging
|
Bottom of the 5th over - 0 runs, 0 hits, 0 errors, 0 left on base; Gwinnett 2 - El Paso 0 |
TOP OF THE 6TH |
Gwinnett Braves batting - Pitching for El Paso Chihuahuas : RHP Rogelio Nunez
|
Batting: RHB Toki Takeuchi
|
0-0: Ball 1-0: Called Strike 1-1: Ball 2-1: Foul Ball, location: 2F 2-2: Foul Ball, location: 2F 2-2: Ball 3-2: Base on Balls
|
Batting: LHB Robby Dann
|
0-0: Called Strike 0-1: Called Strike Toki Takeuchi steals 2nd base (no throw) 0-2: Foul Ball, location: 2F 0-2: Ball 1-2: Ground out 4-3 (Groundball, 4S, EV 94.4 MPH) Toki Takeuchi to third
|
Batting: LHB Mark Buchholz
|
0-0: Fly out, F7 (Line Drive, 7D, EV 91.2 MPH) Runner from 3rd tags up, SCORES, no throw by LF
|
Batting: RHB Bill Turnbull
|
0-0: Fly out, F9 (Line Drive, 9, EV 95.0 MPH)
|
Top of the 6th over - 1 run, 0 hits, 0 errors, 0 left on base; Gwinnett 3 - El Paso 0 |
BOTTOM OF THE 6TH |
El Paso Chihuahuas batting - Pitching for Gwinnett Braves : RHP Ryan Casey
|
Batting: LHB Angel Mejia
|
0-0: Ball 1-0: Foul Ball, location: 2F 1-1: Swinging Strike 1-2: Foul Ball, location: 2F 1-2: Ball 2-2: Ball 3-2: Foul Ball, location: 2F 3-2: Strikes out swinging
|
Batting: RHB Andy Sheridan
|
0-0: Ball 1-0: Ball 2-0: Called Strike 2-1: Foul Ball, location: 2F 2-2: Strikes out swinging
|
Batting: RHB Mike Maserang
|
0-0: Ball 1-0: Ball 2-0: Ball 3-0: Called Strike 3-1: Foul Ball, location: 2F 3-2: Ground out 6-3 (Groundball, 6, EV 106.2 MPH)
|
Bottom of the 6th over - 0 runs, 0 hits, 0 errors, 0 left on base; Gwinnett 3 - El Paso 0 |
TOP OF THE 7TH |
Gwinnett Braves batting - Pitching for El Paso Chihuahuas : RHP Rogelio Nunez
|
Batting: RHB Jose Ramos
|
0-0: Ball 1-0: Foul Ball, location: 2F 1-1: Called Strike 1-2: Ball 2-2: Strikes out looking
|
Batting: RHB Hieronim Rutkowski
|
0-0: Called Strike 0-1: Ground out 6-3 (Groundball, 6, EV 86.2 MPH)
|
Batting: RHB John Peterson
|
0-0: Ball 1-0: Ball 2-0: Ball 3-0: Called Strike 3-1: Foul Ball, location: 2F 3-2: Foul Ball, location: 2F 3-2: Strikes out swinging
|
Top of the 7th over - 0 runs, 0 hits, 0 errors, 0 left on base; Gwinnett 3 - El Paso 0 |
BOTTOM OF THE 7TH |
El Paso Chihuahuas batting - Pitching for Gwinnett Braves : RHP Ryan Casey
|
Batting: RHB Danny Bunn
|
0-0: Fly out, F4 (Popup, 23, EV 89.4 MPH)
|
Batting: RHB Dan Grable
|
0-0: Fly out, F8 (Flyball, 8LM, EV 95.6 MPH)
|
Batting: RHB Bobby Gulsby
|
0-0: Swinging Strike 0-1: Swinging Strike 0-2: Hit by Pitch
|
Batting: RHB Matt Fabre
|
0-0: Called Strike 0-1: Called Strike Bobby Gulsby steals 2nd base 0-2: Ground out 5-3 (Groundball, 56S, EV 81.2 MPH)
|
Bottom of the 7th over - 0 runs, 0 hits, 0 errors, 1 left on base; Gwinnett 3 - El Paso 0 |
TOP OF THE 8TH |
Gwinnett Braves batting - Pitching for El Paso Chihuahuas : RHP Rogelio Nunez
|
Batting: RHB Jesse Lester
|
0-0: Ball 1-0: Ground out 5-3 (Groundball, 5L, EV 85.0 MPH)
|
Batting: RHB Mike Meeker
|
0-0: Ball 1-0: Ball 2-0: Ball 3-0: Called Strike 3-1: Foul Ball, location: 2F 3-2: Ground out 6-3 (Groundball, 6, EV 77.5 MPH)
|
Batting: RHB Toki Takeuchi
|
0-0: Ground out 5-3 (Groundball, 56S, EV 82.5 MPH)
|
Top of the 8th over - 0 runs, 0 hits, 0 errors, 0 left on base; Gwinnett 3 - El Paso 0 |
BOTTOM OF THE 8TH |
El Paso Chihuahuas batting - Pitching for Gwinnett Braves : RHP Ryan Casey
|
Batting: LHB Rogelio Nunez
|
0-0: Ball 1-0: Called Strike 1-1: Foul Ball, location: 2F 1-2: Strikes out swinging
|
Batting: RHB David Aguilar
|
0-0: SINGLE (Line Drive, 89S, EV 105.6 MPH)
|
Batting: LHB Angel Mejia
|
0-0: Fly out, F7 (Flyball, 7S, EV 78.1 MPH)
|
Batting: RHB Andy Sheridan
|
0-0: Ball 1-0: Ground out 4-3 (Groundball, 34, EV 101.9 MPH)
|
Bottom of the 8th over - 0 runs, 1 hit, 0 errors, 1 left on base; Gwinnett 3 - El Paso 0 |
TOP OF THE 9TH |
Gwinnett Braves batting - Pitching for El Paso Chihuahuas : RHP Rogelio Nunez
|
Batting: LHB Robby Dann
|
0-0: Fly out, F8 (Flyball, 78XD, EV 88.8 MPH)
|
Pitching: RHP Johnny Marquez
|
|
Batting: LHB Mark Buchholz
|
0-0: Ball 1-0: Ball 2-0: Swinging Strike 2-1: Foul Ball, location: 2F 2-2: Strikes out swinging
|
Batting: RHB Bill Turnbull
|
0-0: Ball 1-0: Ball 2-0: Swinging Strike 2-1: Swinging Strike 2-2: Ball 3-2: Strikes out looking
|
Top of the 9th over - 0 runs, 0 hits, 0 errors, 0 left on base; Gwinnett 3 - El Paso 0 |
BOTTOM OF THE 9TH |
El Paso Chihuahuas batting - Pitching for Gwinnett Braves : RHP Ryan Casey
|
Pitching: LHP Matt Wass
|
|
Now in LF: Luis Cruz
|
|
Batting: RHB Mike Maserang
|
0-0: Ball 1-0: Fly out, F7 (Line Drive, 7S, EV 99.4 MPH)
|
Batting: RHB Danny Bunn
|
0-0: Swinging Strike 0-1: Ball 1-1: Fly out, F5 (Popup, 25F, EV 87.5 MPH)
|
Batting: RHB Dan Grable
|
0-0: Ground out 4-3 (Groundball, 4, EV 86.9 MPH)
|
Bottom of the 9th over - 0 runs, 0 hits, 0 errors, 0 left on base; Gwinnett 3 - El Paso 0 |
|